 Dungeon Crawl Stone Soup version 0.29.0-4-gdea44cf6ec (webtiles) character file.

Game seed: 7248358080591064817

3019 qw the Cleaver (level 9, -3/57 HPs)
             Began as a Gargoyle Berserker on Sept 6, 2022.
             Was a Priest of Trog.
             Slain by a skeletal warrior
             ... wielding a +0 battleaxe
              (10 damage)
             ... on level 8 of the Dungeon.
             The game lasted 00:03:13 (10036 turns).

qw the Cleaver (Gargoyle Berserker)                Turns: 10036, Time: 00:03:13

Health: -3/57      AC: 21    Str: 28    XL:     9   Next: 85%
Magic:  9/9        EV:  9    Int:  8    God:    Trog [***...]
Gold:   367        SH:  0    Dex:  9    Spells: 8/8 levels left

rFire   + . .      SeeInvis .   Y - +0 war axe
rCold   + . .      Faith    .   (no shield)
rNeg    + . .      Spirit   .   j - +3 chain mail {rC+}
rPois   inf        Reflect  .   b - +0 helmet
rElec   +          Harm     .   (no cloak)
rCorr   .          Rampage  .   e - +0 pair of gloves {Str+3}
Will    .....                   (no boots)
Stlth   ..........              (no amulet)
HPRegen 0.19/turn               c - ring of protection from fire
MPRegen 0.11/turn               (no ring)

@: about to teleport, on berserk cooldown
A: sickness immunity, AC +6, negative energy resistance 1, electricity
resistance, torment resistance 1, petrification resistance
a: Renounce Religion, Berserk, Trog's Hand


You were on level 8 of the Dungeon.
You worshipped Trog.
Trog was most pleased with you.
You visited 1 branch of the dungeon, and saw 8 of its levels.
You also visited: Sewer.

You collected 367 gold pieces.


Innate Abilities, Weirdness & Mutations

You are immune to sickness and miasma.
Your stone body is resilient. (AC +6)
You are immune to poison.
You resist negative energy. (rN+)
You are resistant to electric shocks. (rElec)
You are resistant to unholy torment.
You are immune to petrification.


   Skills:
 + Level 7.6 Fighting
 - Level 10.4 Axes
 - Level 1.4 Throwing
 - Level 5.1 Armour
 - Level 1.5 Dodging


You had 8 spell levels left.
You didn't know any spells.
Your spell library was empty.

Inventory:

Hand Weapons
 h - a +4 flail
 Y - a +0 war axe (weapon)
Missiles
 i - 6 boomerangs (quivered)
Armour
 b - a +0 helmet (worn)
 e - a +0 pair of gloves of strength (worn)
 j - a +3 chain mail of cold resistance (worn)
 p - a +0 plate armour
Jewellery
 c - a ring of protection from fire (left hand)
 g - a +4 ring of evasion
Scrolls
 a - 2 scrolls of identify
 m - 2 scrolls of teleportation
Potions
 d - a potion of heal wounds
 f - 5 potions of curing
 k - a potion of cancellation
 l - a potion of resistance
 o - a potion of might

Dungeon Overview and Level Annotations

Branches:
Dungeon (8/15)             Temple (0/1) D:6           Sewer (visited)
   Lair: D:8-11

Altars:
Ashenzari
Elyvilon
Qazlal
Trog
Yredelemnul
The Shining One

Annotations:
D:2 1 runed translucent door, Crazy Yiuf
D:4 3 runed translucent doors, qw's ghost, amateur GrBe
D:7 2 transporters, qw's ghost, novice MiBe


Message History

Things that are here:
a +0 dagger; a +0 robe; an orc corpse You slash the steam dragon!
The steam dragon is heavily wounded.
You feel yourself speed up.
The steam dragon bites you but does no damage.
The steam dragon claws you but does no damage.
A skeletal warrior comes into view. It is wielding a +0 long sword.
A skeletal warrior comes into view. It is wielding a +0 war axe.
You slash the steam dragon!
The steam dragon is severely wounded.
The steam dragon bites you but does no damage.
The steam dragon claws you.
You closely miss the steam dragon.
The steam dragon is severely wounded.
The steam dragon bites you but does no damage.
The steam dragon claws you but does no damage.
You hit the steam dragon but do no damage.
The steam dragon is severely wounded.
The steam dragon barely misses you.
The steam dragon claws you but does no damage.
You slash the steam dragon!
You kill the steam dragon!
Trog accepts your kill.
You barely miss the skeletal warrior.
The skeletal warrior hits you with a +0 battleaxe.
A skeletal warrior comes into view. It is wielding a +0 war axe.
You slash the skeletal warrior!
The skeletal warrior is lightly damaged.
The skeletal warrior hits you but does no damage.
You hit the skeletal warrior but do no damage.
The skeletal warrior is lightly damaged.
You hit the skeletal warrior.
The skeletal warrior hits you with a +0 battleaxe!!
The skeletal warrior hits you with a +0 war axe!
10036 ||| READING 3 scrolls of teleportation.
As you read the scroll of teleportation, it crumbles to dust.
You feel strangely unstable.
The skeletal warrior hits you with a +0 battleaxe!
You die...

#.. .. #.# #.# .#
#.###..# #.# .##
###.##..# #.#
........##.# #.#
#.>##....## #.#
#)...))...####.###.###
#....@................
#...zz####.....###.###
#....z# ####.........
........# ##..######
#!........## #.##.....
###....z.....###.##.####
##..#.# #.....#..#
.......#####....##
.#.........###


You could see 4 skeletal warriors.

Vanquished Creatures
  A skeletal warrior (D:8)
  A steam dragon (D:8)
  A water moccasin (D:7)
  An ice beast (D:6)
  A sky beast (D:6)
  2 black bears
  4 ogres
  2 centaurs
  Blork the orc (D:4)
  A gnoll sergeant (D:6)
  A kobold brigand (D:8)
  A bullfrog (D:6)
  4 scorpions
  3 wights
  An electric eel (D:7)
  2 jellies (D:6)
  3 hounds
  A gnoll bouda (D:7)
  Jessica (D:1)
  Ijyb (D:3)
  2 iguanas
  3 orc wizards
  A merfolk avatar (Sewer)
  A merfolk siren (Sewer)
  Robin (D:3)
  6 adders
  8 gnolls
  3 river rats (Sewer)
  2 white imps
  2 worms
  3 dart slugs
  11 orcs
  7 bats
  8 endoplasms
  10 giant cockroaches
  11 goblins
  11 hobgoblins
  4 jackals (D:1)
  5 kobolds
  4 quokkas
  11 ball pythons
  7 frilled lizards (Sewer)
  26 rats
180 creatures vanquished.

Vanquished Creatures (others)
  6 plants (D:7)
6 creatures vanquished.

Grand Total: 186 creatures vanquished

Notes
Turn   | Place    | Note
-------+----------+-------------------------------------------
     0 | D:1      | qw the Gargoyle Berserker began the quest for the Orb.
     0 | D:1      | Reached XP level 1. HP: 14/14 MP: 1/1
     0 | D:1      | 0 ||| qw: Version: 0.1-a-108-g9e35731
     0 | D:1      | 0 ||| qw: Game counter: 6187
     0 | D:1      | 0 ||| qw: Always use a shield: true
     0 | D:1      | 0 ||| qw: Do Orc after D:15 true
     0 | D:1      | 0 ||| qw: Do second Lair branch before Depths: true
     0 | D:1      | 0 ||| qw: Lair rune preference: random
     0 | D:1      | 0 ||| qw: Plans: Normal
     0 | D:1      | 0 ||| PLANNING D:1-11
   227 | D:1      | 227 ||| INVOKING Berserk.
   227 | D:1      | HP: 3/21 [frozen (4)]
   229 | D:1      | Reached skill level 3 in Axes
   632 | D:1      | Reached XP level 2. HP: 15/19 MP: 2/2
   854 | D:1      | 854 ||| Stepping ~*~*~tactically~*~*~ (stealth).
  1029 | D:1      | Reached XP level 3. HP: 23/23 MP: 3/3
  1125 | D:1      | Found a faded altar of an unknown god.
  1126 | D:1      | 1126 ||| Stepping ~*~*~tactically~*~*~ (stealth).
  1128 | D:1      | 1128 ||| Stepping ~*~*~tactically~*~*~ (stealth).
  1152 | D:1      | 1152 ||| Stepping ~*~*~tactically~*~*~ (stealth).
  1402 | D:1      | 1402 ||| Stepping ~*~*~tactically~*~*~ (stealth).
  1445 | D:1      | 1445 ||| Stepping ~*~*~tactically~*~*~ (stealth).
  1447 | D:1      | 1447 ||| Stepping ~*~*~tactically~*~*~ (stealth).
  1448 | D:1      | 1448 ||| Stepping ~*~*~tactically~*~*~ (stealth).
  1466 | D:1      | 1466 ||| UPGRADING to +0 leather armour.
  1476 | D:1      | 1476 ||| DROPPING +0 animal skin.
  1477 | D:1      | 1477 ||| UPGRADING to +0 scale mail.
  1487 | D:1      | 1487 ||| DROPPING +0 leather armour.
  1507 | D:2      | Noticed Jessica
  1512 | D:2      | 1512 ||| STAIRDANCE
  1517 | D:1      | Killed Jessica
  1518 | D:1      | Reached skill level 4 in Axes
  1518 | D:1      | Reached XP level 4. HP: 18/28 MP: 4/4
  1715 | D:2      | 1715 ||| DROPPING +0 club.
  1877 | D:2      | Reached ** piety under Trog
  2274 | D:2      | Found a runed translucent door.
  2275 | D:2      | Noticed Crazy Yiuf
  2278 | D:2      | 2278 ||| DROPPING +6 ring of intelligence.
  2279 | D:2      | 2279 ||| READING 3 scrolls labelled CACLUZ PYEDAOSIT.
  2280 | D:2      | 2280 ||| READING scroll labelled VIFULIEXONG.
  2381 | D:2      | 2381 ||| READING scroll labelled ATAOLU VICEKUEHI.
  2382 | D:2      | 2382 ||| READING 2 scrolls of identify.
  2382 | D:2      | 2382 ||| IDENTIFYING yellow potion
  2383 | D:2      | 2383 ||| DROPPING potion of brilliance.
  2438 | D:3      | Noticed Robin
  2439 | D:3      | 2439 ||| Stepping ~*~*~tactically~*~*~ (stealth).
  2442 | D:3      | 2442 ||| Stepping ~*~*~tactically~*~*~ (stealth).
  2443 | D:3      | 2443 ||| STAIRDANCE
  2547 | D:3      | 2547 ||| STAIRDANCE
  2652 | D:3      | 2652 ||| STAIRDANCE
  2801 | D:3      | 2801 ||| STAIRDANCE
  2917 | D:3      | 2917 ||| Stepping ~*~*~tactically~*~*~ (stealth).
  2919 | D:3      | 2919 ||| Stepping ~*~*~tactically~*~*~ (hiding).
  2924 | D:3      | 2924 ||| Stepping ~*~*~tactically~*~*~ (hiding).
  2930 | D:3      | 2930 ||| INVOKING Berserk.
  2934 | D:3      | Killed Robin
  3156 | D:3      | Found a basalt altar of Yredelemnul.
  3166 | D:3      | Noticed Ijyb
  3167 | D:3      | 3167 ||| Stepping ~*~*~tactically~*~*~ (hiding).
  3172 | D:3      | 3172 ||| INVOKING Berserk.
  3176 | D:3      | Killed Ijyb
  3177 | D:3      | Reached skill level 5 in Axes
  3177 | D:3      | Reached XP level 5. HP: 32/32 MP: 5/5
  3814 | D:3      | 3814 ||| UPGRADING to +0 helmet.
  3819 | D:3      | 3819 ||| UPGRADING to +0 pair of gloves of strength.
  3824 | D:3      | 3824 ||| UPGRADING to +3 chain mail of cold resistance.
  3834 | D:3      | 3834 ||| DROPPING +0 scale mail.
  3835 | D:3      | 3835 ||| DROPPING +2 hat.
  3836 | D:3      | 3836 ||| READING 2 scrolls labelled PUASSU ANN.
  3839 | D:3      | 3839 ||| READING scroll labelled VAUTUG ME RUV.
  3840 | D:3      | 3840 ||| DRINKING 2 bubbling cyan potions.
  3841 | D:3      | 3841 ||| READING 2 scrolls of identify.
  3841 | D:3      | 3841 ||| IDENTIFYING fuming orange potion
  3842 | D:3      | 3842 ||| DROPPING potion of degeneration.
  3859 | D:4      | 3859 ||| Stepping ~*~*~tactically~*~*~ (hiding).
  3880 | D:4      | You fall into a shaft and drop 2 floors!
  3904 | D:6      | Found a staircase to the Ecumenical Temple.
  3915 | D:6      | Noticed a sky beast
  3944 | D:6      | 3944 ||| INVOKING Berserk.
  3945 | D:6      | HP: 11/48 [something (2)]
  3946 | D:6      | Killed a sky beast
  3947 | D:6      | Reached XP level 6. HP: 14/40 MP: 6/6
  4183 | D:6      | 4183 ||| INVOKING Berserk.
  4387 | D:6      | Reached skill level 6 in Axes
  4387 | D:6      | Reached XP level 7. HP: 37/44 MP: 7/7
  4466 | D:6      | Reached skill level 3 in Armour
  4711 | D:6      | 4711 ||| INVOKING Berserk.
  4836 | D:6      | 4836 ||| DRINKING 2 grey potions.
  4845 | D:5      | Entered Level 5 of the Dungeon
  4846 | D:5      | 4846 ||| PLANNING SEWER
  4978 | D:5      | Found a glowing drain.
  4982 | Sewer    | Entered a sewer
  5137 | Sewer    | 5137 ||| Stepping ~*~*~tactically~*~*~ (stealth).
  5304 | Sewer    | Reached skill level 7 in Axes
  5312 | Sewer    | 5312 ||| Stepping ~*~*~tactically~*~*~ (water).
  5354 | Sewer    | Reached *** piety under Trog
  5510 | Sewer    | 5510 ||| READING scroll labelled XUMANUUCRO.
  5511 | Sewer    | 5511 ||| READING 2 scrolls of identify.
  5511 | Sewer    | 5511 ||| IDENTIFYING fuming clear potion
  5562 | D:5      | 5562 ||| PLANNING D:1-11
  5658 | D:5      | 5658 ||| INVOKING Berserk.
  5793 | D:5      | 5793 ||| Stepping ~*~*~tactically~*~*~ (stealth).
  5841 | D:5      | 5841 ||| UPGRADING to ring of protection from fire.
  5920 | D:4      | Found a runed translucent gate.
  5920 | D:4      | Found a runed translucent gate.
  5921 | D:4      | Found a runed translucent gate.
  5923 | D:4      | Noticed qw's ghost (amateur GrBe)
  6050 | D:4      | 6050 ||| INVOKING Berserk.
  6056 | D:4      | Reached XP level 8. HP: 49/49 MP: 8/8
  6177 | D:4      | 6177 ||| Stepping ~*~*~tactically~*~*~ (stealth).
  6179 | D:4      | 6179 ||| Stepping ~*~*~tactically~*~*~ (stealth).
  6184 | D:4      | Reached skill level 8 in Axes
  6397 | D:4      | 6397 ||| Stepping ~*~*~tactically~*~*~ (stealth).
  6405 | D:4      | Noticed Blork the orc
  6406 | D:4      | 6406 ||| INVOKING Berserk.
  6412 | D:4      | Killed Blork the orc
  6511 | D:4      | 6511 ||| SWAPPING to +0 war axe.
  6512 | D:4      | 6512 ||| DROPPING +0 hand axe.
  6591 | D:4      | Found a broken altar of Ashenzari.
  7009 | D:4      | 7009 ||| READING scroll labelled KAERIH ZARE.
  7058 | D:5      | Found a stormy altar of Qazlal.
  7073 | D:5      | 7073 ||| FLEEEEING.
  7080 | D:5      | 7080 ||| FLEEEEING.
  7081 | D:5      | 7081 ||| FLEEEEING.
  7082 | D:5      | 7082 ||| FLEEEEING.
  7083 | D:5      | 7083 ||| FLEEEEING.
  7087 | D:5      | 7087 ||| STAIRDANCE
  7246 | D:5      | 7246 ||| STAIRDANCE
  7253 | D:4      | Reached skill level 6 in Fighting
  7312 | D:5      | 7312 ||| STAIRDANCE
  7376 | D:5      | 7376 ||| INVOKING Berserk.
  7380 | D:5      | 7380 ||| STAIRDANCE
  7885 | D:5      | Noticed a water elemental
  7886 | D:5      | Noticed an air elemental
  7941 | D:5      | 7941 ||| READING 2 scrolls of identify.
  7941 | D:5      | 7941 ||| IDENTIFYING gluggy clear potion
  7942 | D:5      | 7942 ||| DROPPING potion of attraction.
  7973 | D:6      | 7973 ||| INVOKING Berserk.
  8098 | D:6      | 8098 ||| DROPPING +0 whip.
  8161 | D:6      | 8161 ||| INVOKING Berserk.
  8167 | D:6      | Reached skill level 9 in Axes
  8383 | D:6      | 8383 ||| READING scroll labelled AFEIWN WIRHOHIHIM.
  8430 | D:7      | 8430 ||| INVOKING Berserk.
  8435 | D:7      | Reached XP level 9. HP: 56/56 MP: 9/9
  8589 | D:7      | 8589 ||| INVOKING Berserk.
  8904 | D:7      | Reached skill level 1 in Throwing
  8946 | D:7      | 8946 ||| INVOKING Berserk.
  9078 | D:7      | Noticed a moth of wrath
  9084 | D:7      | Noticed qw's ghost (novice MiBe)
  9089 | D:7      | Found a transporter.
  9094 | D:7      | Found a bloodstained altar of Trog.
  9140 | D:7      | 9140 ||| FLEEEEING.
  9141 | D:7      | 9141 ||| FLEEEEING.
  9142 | D:7      | 9142 ||| FLEEEEING.
  9143 | D:7      | 9143 ||| FLEEEEING.
  9144 | D:7      | 9144 ||| FLEEEEING.
  9145 | D:7      | 9145 ||| FLEEEEING.
  9146 | D:7      | 9146 ||| FLEEEEING.
  9147 | D:7      | 9147 ||| FLEEEEING.
  9148 | D:7      | 9148 ||| FLEEEEING.
  9149 | D:7      | 9149 ||| FLEEEEING.
  9150 | D:7      | 9150 ||| FLEEEEING.
  9151 | D:7      | 9151 ||| FLEEEEING.
  9152 | D:7      | 9152 ||| FLEEEEING.
  9153 | D:7      | 9153 ||| FLEEEEING.
  9154 | D:7      | 9154 ||| FLEEEEING.
  9155 | D:7      | 9155 ||| FLEEEEING.
  9156 | D:7      | 9156 ||| FLEEEEING.
  9157 | D:7      | 9157 ||| FLEEEEING.
  9158 | D:7      | 9158 ||| FLEEEEING.
  9159 | D:7      | 9159 ||| FLEEEEING.
  9160 | D:7      | 9160 ||| FLEEEEING.
  9161 | D:7      | 9161 ||| FLEEEEING.
  9162 | D:7      | 9162 ||| FLEEEEING.
  9163 | D:7      | 9163 ||| FLEEEEING.
  9164 | D:7      | 9164 ||| FLEEEEING.
  9165 | D:7      | 9165 ||| FLEEEEING.
  9166 | D:7      | 9166 ||| FLEEEEING.
  9167 | D:7      | 9167 ||| FLEEEEING.
  9168 | D:7      | 9168 ||| FLEEEEING.
  9169 | D:7      | 9169 ||| FLEEEEING.
  9170 | D:7      | 9170 ||| FLEEEEING.
  9170 | D:7      | Found a white marble altar of Elyvilon.
  9171 | D:7      | 9171 ||| FLEEEEING.
  9172 | D:7      | 9172 ||| FLEEEEING.
  9173 | D:7      | 9173 ||| FLEEEEING.
  9174 | D:7      | 9174 ||| FLEEEEING.
  9175 | D:7      | 9175 ||| STAIRDANCE
  9255 | D:6      | 9255 ||| DRINKING 2 metallic yellow potions.
  9256 | D:6      | 9256 ||| READING 4 scrolls of identify.
  9256 | D:6      | 9256 ||| IDENTIFYING golden potion
  9257 | D:6      | 9257 ||| READING 3 scrolls of identify.
  9257 | D:6      | 9257 ||| IDENTIFYING black potion
  9258 | D:6      | 9258 ||| READING 2 scrolls of identify.
  9258 | D:6      | 9258 ||| IDENTIFYING bubbling coppery potion
  9259 | D:6      | 9259 ||| DROPPING potion of lignification.
  9260 | D:6      | 9260 ||| DROPPING potion of berserk rage.
  9261 | D:6      | 9261 ||| DROPPING potion of magic.
  9279 | D:7      | 9279 ||| STAIRDANCE
  9313 | D:7      | 9313 ||| STAIRDANCE
  9352 | D:7      | 9352 ||| FLEEEEING.
  9354 | D:7      | 9354 ||| STAIRDANCE
  9434 | D:7      | Found a transporter.
  9448 | D:7      | 9448 ||| INVOKING Berserk.
  9786 | D:7      | 9786 ||| DRINKING 2 silvery potions.
  9839 | D:8      | 9839 ||| STAIRDANCE
  9848 | D:7      | 9848 ||| DROPPING +0 flail.
  9852 | D:8      | 9852 ||| STAIRDANCE
  9892 | D:8      | Found a glowing golden altar of the Shining One.
  9897 | D:8      | 9897 ||| Stepping ~*~*~tactically~*~*~ (stealth).
  9898 | D:8      | 9898 ||| Stepping ~*~*~tactically~*~*~ (stealth).
  9901 | D:8      | 9901 ||| Stepping ~*~*~tactically~*~*~ (stealth).
  9902 | D:8      | 9902 ||| Stepping ~*~*~tactically~*~*~ (stealth).
  9983 | D:8      | Noticed a skeletal warrior
  9986 | D:8      | 9986 ||| INVOKING Berserk.
 10000 | D:8      | Killed a skeletal warrior
 10001 | D:8      | Reached skill level 10 in Axes
 10017 | D:8      | 10017 ||| Stepping ~*~*~tactically~*~*~ (stealth).
 10018 | D:8      | 10018 ||| Stepping ~*~*~tactically~*~*~ (stealth).
 10027 | D:8      | Noticed a skeletal warrior
 10028 | D:8      | Noticed a skeletal warrior
 10028 | D:8      | Noticed a skeletal warrior
 10033 | D:8      | Noticed a skeletal warrior
 10035 | D:8      | HP: 6/57 [skeletal warrior/+0 war axe (17)]
 10036 | D:8      | 10036 ||| READING 3 scrolls of teleportation.
 10036 | D:8      | Slain by a skeletal warrior

Levels and vault maps discovered:
D:1:      co_arrival_random_square_maze, layout_loops_ring,
          hellmonk_ecumenical_altar_crossroads, chequers_avenue
D:2:      layout_loops_ring, uniq_jessica, uniq_crazy_yiuf_cottage
D:3:      layout_basic, mainiacjoe_overflow_concentric_impassable, uniq_robin,
          uniq_ijyb
D:4:      layout_loops_corners, ashenzari_altar_1, gammafunk_ghost_split,
          uniq_blork_the_orc
D:5:      layout_basic, nicolae_qazlal_style_of_elements,
          gup_sewer_entry_spiral, serial_glass, glass_columns_a,
          glass_columns_c, glass_columns_c, glass_columns_b, glass_columns_b,
          glass_columns_b, glass_columns_b, glass_columns_c
D:6:      layout_rooms, minmay_temple_entry_stoned_glass, item_on_display_a
D:7:      layout_loops_ring, nicolae_elyvilon_temple_path,
          gammafunk_ghost_wrathful_warriors, kennysheep_doodads
D:8:      layout_rooms, mainiacjoe_overflow_paths, nicolae_uskayaw_dance_studio,
          lair_entry_dummy, serial_glass, glass_columns_b, glass_columns_a

Skill      XL: |  1  2  3  4  5  6  7  8  9 |
---------------+----------------------------+-----
Axes           | 3 4 5 6 7 9 10 | 10.4
Fighting       | 4 5 6 7 |  7.6
Armour         | 3 4 5 |  5.1
Throwing       | 1 |  1.4
Dodging        | |  1.5

Action                   |  1- 3 |  4- 6 |  7- 9 || total
-------------------------+-------+-------+-------++-------
Melee: Hand axe          |    79 |   147 |   261 ||   487
       Punch             |       |     1 |     7 ||     8
       War axe           |       |       |   152 ||   152
Throw: Boomerang         |       |       |     9 ||     9
Invok: Berserk           |     1 |     4 |    12 ||    17
  Use: Scroll            |       |     7 |     9 ||    16
       Potion            |       |     1 |     3 ||     4
Armor: Animal skin       |    19 |       |       ||    19
       Scale mail        |     6 |    50 |       ||    56
       Chain mail        |       |    41 |   210 ||   251
Dodge: Dodged            |    49 |    62 |   140 ||   251

Table legend:
 A = Non-vault XP
 B = Vault XP
 C = Vault XP percentage of total XP
 D = Non-vault monster count
 E = Vault monster count
 F = Vault count percentage of total count
                 A         B        C        D         E       F
            +---------+---------+-------+---------+---------+-------
      Total |    3934 |     380 |   8.8 |     118 |      62 |  34.4
            +---------+---------+-------+---------+---------+-------
        D:1 |      50 |      37 |  42.5 |      26 |       1 |   3.7
        D:2 |      29 |       8 |  21.6 |       9 |       4 |  30.8
        D:3 |       6 |      63 |  91.3 |       3 |       8 |  72.7
        D:4 |     484 |     100 |  17.1 |      29 |       1 |   3.3
        D:5 |     329 |      16 |   4.6 |       7 |       8 |  53.3
        D:6 |    1052 |       0 |   0.0 |      18 |       0 |   0.0
        D:7 |     828 |       0 |   0.0 |      15 |       0 |   0.0
        D:8 |    1156 |       0 |   0.0 |      11 |       0 |   0.0
      Sewer |       0 |     156 | 100.0 |       0 |      40 | 100.0
            +---------+---------+-------+---------+---------+-------
